 Dungeon Crawl Stone Soup version 0.32-a0-135-g14f8b2e1af (webtiles) character file.

Game seed: 14992146794442821211

188 Dirtsage the Changeling (level 5, -3/35 HPs)
             Began as an Octopode Shapeshifter on Feb 10, 2024.
             Was an Initiate of Gozag.
             Slain by Blork the orc
             ... wielding a +0 battleaxe
              (18 damage)
             ... on level 4 of the Dungeon.
             The game lasted 00:03:08 (2391 turns).

Dirtsage the Changeling (Octopode Shapeshifter)     Turns: 2391, Time: 00:03:08

Health: -3/35      AC:  1    Str: 13    XL:     5   Next: 67%
Magic:  5/5        EV: 13    Int: 13    God:    Gozag
Gold:   248        SH:  0    Dex: 13    Spells: 4/4 levels left

rFire   . .          .
                       - Unarmed
rCold   . . .        (no shield)
rNeg    . . .        (helmet currently unavailable)
rPois   .            (no amulet)
rElec   .            W - ring of wizardry
rCorr   .            (no ring)
SInv    .            (no ring)
Will    .....        (no ring)
Stlth   ++           (no ring)
HPRegen 0.25/turn    (no ring)
MPRegen 0.09/turn    (no ring)
                     (no ring)

%: wizardry (x1)
@: beast-form
A: beast (slay +2), almost no armour, amphibious, 8 rings, camouflage 1,
gelatinous body 1, (nimble swimmer 1), tentacles
a: Begin Untransformation, Renounce Religion, Potion Petition, Call Merchant,
Bribe Branch


You were on level 4 of the Dungeon.
You worshipped Gozag.
Gozag was aware of your devotion.
You were a hulking beast.
You visited 2 branches of the dungeon, and saw 5 of its levels.

You collected 323 gold pieces.
You paid 75 gold pieces to Gozag.

Inventory:

Magical Staves
 g - a staff of earth
Jewellery
 l - an amulet of magic regeneration
 W - a ring of wizardry (left tentacle)
Talismans
 b - a beast talisman
 c - a flux talisman
 e - a beast talisman
Scrolls
 f - 4 scrolls of identify {unknown}
 h - 2 scrolls of noise {unknown}
 i - 2 scrolls of poison {unknown}
 j - 2 scrolls of teleportation {unknown}
 o - a scroll of vulnerability {unknown}
 p - a scroll of fog {unknown}
Potions
 a - a potion of lignification
 d - a potion of heal wounds {unknown}
 k - 3 potions of curing {unknown}
 m - a potion of degeneration {unknown}
 n - a potion of invisibility {unknown}


   Skills:
 + Level 2.5 Fighting
 + Level 3.0 Dodging
 + Level 3.8 Unarmed Combat
 * Level 4.3 Shapeshifting


You had 4 spell levels left.
You didn't know any spells.
Your spell library contained the following spells:

 Spells                   Type           Power      Damage    Failure   Level
 Blink                    Tloc           0%         N/A       19%         2
 Lesser Beckoning         Tloc           0%         N/A       19%         2
 Momentum Strike          Conj/Tloc      0%         3d8       19%         2
 Static Discharge         Conj/Air       0%         3-3/arc   19%         2
 Airstrike                Air            0%         2d(0-16)  73%         4
 Summon Lightning Spire   Summ/Air       0%         N/A       73%         4


Dungeon Overview and Level Annotations

Branches:
Dungeon (4/15)             Temple (1/1) D:4

Altars:
Ashenzari
Cheibriados
Dithmenos
Elyvilon
Fedhas
Gozag
Hepliaklqana
Kikubaaqudgha
Makhleb
Nemelex Xobeh
Qazlal
Sif Muna
Trog
Uskayaw
Vehumet
Wu Jian
Xom
Yredelemnul
Zin
The Shining One

Annotations:
D:4 Blork the orc


Innate Abilities, Weirdness & Mutations

You are a hulking beast.
Your limbs bulge with bestial killing power. (Slay +2)
You cannot wear most types of armour.
You are amphibious.
You can wear up to eight rings at the same time.
Your skin changes colour to match your surroundings (Stealth+).
Your rubbery body absorbs attacks. (AC +1, EV +1)
((You are camouflaged when in or above water. (Stealth+)))
You have tentacles for arms and can constrict up to eight enemies at once.


Message History

You add the spells Blink, Momentum Strike and Lesser Beckoning to your library.
Health restored: 35 You now have 248 gold pieces (gained 7).
You see here a +0 dagger.
Found a stone staircase leading down.
There is a stone staircase leading down here.
You open the door.
Blork the orc comes into view.
He is wielding a +0 battleaxe, wearing a +1 robe of fire resistance and carrying a wand of polymorph.
Blork the orc shouts!
Found a shimmering altar of Xom.
You have nothing you can fire or use right now.
There is an open door here.
You tentacle-slap Blork the orc. Your grab misses Blork the orc.
You squeeze Blork the orc.
Blork the orc is moderately wounded.
Blork the orc hits you with a +0 battleaxe!
You take 15 damage, and have 20/35 hp.
MASSIVE DAMAGE!!
You tentacle-slap Blork the orc. You grab Blork the orc.
You squeeze Blork the orc.
Blork the orc is moderately wounded.
You constrict Blork the orc, but do no damage.
Blork the orc barely misses you.
You tentacle-slap Blork the orc.
Blork the orc is heavily wounded.
You constrict Blork the orc.
Blork the orc hits you with a +0 battleaxe.
You take 6 damage, and have 15/35 hp.
You tentacle-slap Blork the orc.
Blork the orc is severely wounded.
You constrict Blork the orc.
Blork the orc casts a spell.
Blork the orc seems to speed up.
You tentacle-slap Blork the orc. You squeeze Blork the orc.
Blork the orc is severely wounded.
You constrict Blork the orc.
Blork the orc zaps a wand.
You resist with some effort.
Blork the orc hits you with a +0 battleaxe!!
Ouch! That really hurt!
You die...
Your body crumbles into a pile of gold.

##..#.>.... #.........
####.#..##..♣
##....######.♣
###.....### #.♣
#######.#.......# ##..
#.........###...###...
#.####'######.........
+..h....+...#.......
#.#o..#.#####....>..
#.#._.#.# #.#..#.#.♣
#.#...#.###...####.♣
+.......'.#...###..♣
####'####.#..###....
...........##....
.......##........
.#####...........


You could see Blork the orc (fast).

Vanquished Creatures
  A scorpion (D:4)
  A hound (D:4)
  3 adders (D:4)
  A ribbon worm (D:4)
  2 dart slugs
  3 orcs (D:4)
  7 endoplasms
  3 giant cockroaches
  4 goblins
  6 hobgoblins
  2 jackals (D:2)
  9 ball pythons
  4 bats
  A frilled lizard (D:1)
  11 kobolds
  5 rats
63 creatures vanquished.

Notes
Turn   | Place    | Note
-------+----------+-------------------------------------------
     0 | D:1      | Dirtsage the Octopode Shapeshifter began the quest for the
                  | Orb.
     0 | D:1      | Reached XP level 1. HP: 13/13 MP: 1/1
     3 | D:1      | You fall into a shaft and drop 1 floor!
   138 | D:2      | Reached XP level 2. HP: 18/18 MP: 2/2
   283 | D:1      | Reached XP level 3. HP: 21/23 MP: 3/3
   575 | D:1      | Found a faded altar of an unknown god.
  1540 | D:3      | Found a shadowy altar of Dithmenos.
  1900 | D:4      | Reached XP level 4. HP: 26/29 MP: 4/4
  2047 | D:4      | Found a staircase to the Ecumenical Temple.
  2076 | Temple   | Entered the Ecumenical Temple
  2091 | Temple   | Became a worshipper of Gozag Ym Sagoz the Greedy
  2147 | D:4      | Noticed a scorpion
  2160 | D:4      | Killed a scorpion
  2161 | D:4      | Reached skill level 4 in Shapeshifting
  2161 | D:4      | Reached XP level 5. HP: 31/34 MP: 5/5
  2384 | D:4      | Found a shimmering altar of Xom.
  2384 | D:4      | Noticed Blork the orc
  2391 | D:4      | Slain by Blork the orc

Illustrated notes

Levels and vault maps discovered:
D:1:      dpeg_arrival_round_b, layout_basic,
          hellmonk_ecumenical_altar_pennies_from_heaven
D:2:      layout_loops_cross
D:3:      layout_loops_ring, grunt_dithmenos_smoke_and_mirrors
D:4:      layout_cave_pools, marbit_many_paths,
          mainiacjoe_overflow_six_doors_small, minmay_temple_entry_water_ring,
          uniq_duvessa, uniq_blork_the_orc
Temple:   regret_index_temple_mists

Skill      XL: |  1  2  3  4  5 |
---------------+----------------+-----
Fighting       | 2 |  2.5
Shapeshifting  | 4 |  4.3
Dodging        | 3 |  3.0
Unarmed Combat | |  3.8

Action                     |  1- 3 |  4- 6 || total
---------------------------+-------+-------++-------
  Melee: Unarmed           |    80 |    37 ||   117
         Constrict         |    24 |    10 ||    34
         Tentacles         |    16 |     9 ||    25
         Punch             |     2 |     3 ||     5
   Stab: Sleeping          |     9 |     2 ||    11
 Armour: Skin              |    20 |    19 ||    39
  Dodge: Dodged            |    45 |    16 ||    61

Table legend: (Time is in decaauts)
 A = Elapsed time spent in this place.
 B = Non-inter-level travel time spent in this place.
 C = Inter-level travel time spent in this place.
 D = Time resting spent in this place.
 E = Time spent auto-exploring this place.
 F = Levels seen in this place.
 G = Mean time per level.
                   A        B        C        D        E       F      G
               +--------+--------+--------+--------+--------+-----+--------+
         Total |   2383 |   2233 |    150 |     17 |   1793 |   5 |  476.6 |
       Dungeon |   2352 |   2216 |    136 |     17 |   1793 |   4 |  588.0 |
        Temple |     30 |     16 |     14 |      0 |      0 |   1 |   30.0 |
               +--------+--------+--------+--------+--------+-----+--------+

Top non-repeatable levels by time:
     D:3: 777 daAuts
     D:2: 633 daAuts
     D:1: 529 daAuts
     D:4: 411 daAuts
  Temple: 30 daAuts
